 Dungeon Crawl Stone Soup version 0.20-a0-1026-gc3ddcbd (webtiles) character file.

1528 CanOfBees the Skirmisher (level 8, -15/64 HPs)
             Began as a Demonspawn Gladiator on Apr 20, 2017.
             Demolished by a two-headed ogre
             ... wielding a +0 giant spiked club
              (19 damage)
             ... on level 5 of the Dungeon.
             The game lasted 00:16:57 (8945 turns).

CanOfBees the Skirmisher (Demonspawn Gladiator)     Turns: 8945, Time: 00:16:58

Health: -15/64     AC:  9    Str: 14    XL:     8   Next: 55%
Magic:  0/8        EV: 14    Int: 10    God:
Gold:   189        SH:  0    Dex: 17    Spells: 7/7 levels left

rFire    x . .     SeeInvis .   m - +0 hand crossbow
rCold    + . .     Gourm    .   (no shield)
rNeg     . . .     Faith    .   u - +0 ring mail
rPois    .         Spirit   +   c - +0 helmet
rElec    .         Reflect  .   (no cloak)
rCorr    .         Harm     .   D - +0 pair of gloves
MR       .....                  (no boots)
Stlth    ++........             b - amulet of guardian spirit
Regen    0.2/turn               t - ring of wizardry
MPRegen  0.2/turn               x - ring of ice

@: no status effects
A: talons 2, slimy green scales 1, nightstalker 1
a: no special abilities


You were on level 5 of the Dungeon.
You were hungry.

You visited 1 branch of the dungeon, and saw 6 of its levels.

You collected 189 gold pieces.

Inventory:

Hand Weapons
 a - a +0 long sword
 m - a +0 hand crossbow (weapon)
Missiles
 i - 32 poisoned needles
 n - 4 steel tomahawks
 o - 37 bolts (quivered)
 A - 8 tomahawks
 C - 6 javelins
Armour
 c - a +0 helmet (worn)
 u - a +0 ring mail (worn)
 D - a +0 pair of gloves (worn)
Jewellery
 b - an amulet of guardian spirit (around neck)
 t - a ring of wizardry (left hand)
 x - a ring of ice (right hand)
 G - an uncursed amulet of the gourmand
Scrolls
 j - 4 scrolls of teleportation
 k - 5 scrolls of remove curse
 l - a scroll of brand weapon {unknown}
 p - a scroll of magic mapping {unknown}
 q - 2 scrolls of identify
 v - a scroll of fog {unknown}
 y - a scroll of immolation {unknown}
 H - a scroll of amnesia {unknown}
Potions
 d - a potion of might {unknown}
 h - 2 potions of heal wounds {unknown}
 s - 3 potions of agility {unknown}
 F - a potion of degeneration {unknown}
 I - a potion of lignification {unknown}
Books
 e - a book of Conjurations

   Spells                             Type                      Level
   a - Magic Dart                     Conjuration                  1
   b - Searing Ray                    Conjuration                  2
   c - Dazzling Spray                 Conjuration/Hexes            3
   d - Fulminant Prism                Conjuration/Hexes            4
   e - Force Lance                    Conjuration/Translocation    4
   f - Iskenderun's Mystic Blast      Conjuration                  4
 z - a book of Maledictions

   Spells                             Type                      Level
   a - Corona                         Hexes                        1
   b - Ensorcelled Hibernation        Hexes/Ice                    2
   c - Confuse                        Hexes                        3
   d - Tukima's Dance                 Hexes                        3
   e - Dazzling Spray                 Conjuration/Hexes            3
 J - a book of Callings

   Spells                             Type                      Level
   a - Summon Small Mammal            Summoning                    1
   b - Call Imp                       Summoning                    2
   c - Call Canine Familiar           Summoning                    3
   d - Summon Guardian Golem          Hexes/Summoning              3
   e - Summon Lightning Spire         Summoning/Air                4
   f - Summon Ice Beast               Ice/Summoning                4
 L - a book of Misfortune

   Spells                             Type                      Level
   a - Confusing Touch                Hexes                        1
   b - Confuse                        Hexes                        3
   c - Gell's Gravitas                Translocation                3
   d - Petrify                        Transmutation/Earth          4
   e - Metabolic Englaciation         Hexes/Ice                    5
   f - Yara's Violent Unravelling     Hexes/Transmutation          5
Comestibles
 f - 8 bread rations
 g - 6 meat rations


   Skills:
 + Level 6.1 Fighting
 + Level 5.7 Long Blades
 - Level 1.7 Throwing
 + Level 5.9 Dodging
 - Level 3.5 Unarmed Combat


You had 7 spell levels left.
You didn't know any spells.

Dungeon Overview and Level Annotations

Branches:
Dungeon (6/15)
 Temple: D:4-7

Altars:
Dithmenos
Fedhas
Vehumet
Wu Jian
The Shining One

Annotations:
D:4 JeffiDaFish's ghost, amateur GrFi


Innate Abilities, Weirdness & Mutations

You have razor-sharp toenails.
You are partially covered in slimy green scales. (AC +2)
You are slightly more attuned to the shadows.


Message History

You shoot a bolt. The bolt hits the two-headed ogre.
The two-headed ogre is lightly wounded.
The two-headed ogre barely misses you.
The two-headed ogre hits you with a giant club!!
* * * LOW HITPOINT WARNING * * *
There is a stone staircase leading down here.
Firing (i - inventory. (,) - cycle):
o - 39 bolts (quivered)
Press: ? - help, Shift-Dir - straight line, f/p - two-headed ogre
Aim: a two-headed ogre, wielding a giant spiked club and a giant club (lightly wounded)
You shoot a bolt. The bolt hits the two-headed ogre!
The two-headed ogre is moderately wounded.
The two-headed ogre closely misses you. The two-headed ogre misses you.
Firing (i - inventory. (,) - cycle):
o - 38 bolts (quivered)
Press: ? - help, Shift-Dir - straight line, f/p - two-headed ogre
Aim: a two-headed ogre, wielding a giant spiked club and a giant club (moderately wounded)
You shoot a bolt. The bolt hits the two-headed ogre!
The two-headed ogre is heavily wounded.
The two-headed ogre barely misses you.
The two-headed ogre hits you with a giant club!!
You die...

.##.###....##.# #.#######.#.#
.##.# #....##.#####.....# #...#
.##.# #........#......#.# #####
....# #.....#..#.####.#.# ###
.#### #.....#...)####.#.# #.# .#
#.....##.##.....^.#####.###
.##########.........#........)...
..........####.##.#.###########..
.......(.((..((O@.....#...# #.#
##########.###....#.#.#.#.# ##)#
#..#.....#.....#.# ##...
##.......###.###.###....
#.###.#####.# #..#.....
#...........# #......_.
##.##.####### #.##..... #.##.#
#..##.... #..#.##########..##.).


You could see a two-headed ogre.

Vanquished Creatures
  Duvessa (D:3)
  2 sky beasts
  A phantom (D:5)
  3 ogres
  Dowan (D:3)
  2 scorpions
  A howler monkey (D:4)
  A bullfrog zombie (D:5)
  2 hounds
  2 bullfrog skeletons
  An iguana (D:4)
  6 orc wizards
  3 worker ants
  2 hound zombies (D:5)
  3 gnolls (D:3)
  12 adders
  An adder skeleton (D:4)
  2 worms (D:2)
  4 dart slugs
  3 leopard geckos
  17 orcs
  A ball python (D:1)
  12 bats
  4 giant cockroaches
  5 hobgoblins
  12 jackals
  9 kobolds
  3 quokkas
  6 frilled lizards
  8 goblins
  4 rats
134 creatures vanquished.

Notes
Turn   | Place    | Note
-------+----------+-------------------------------------------
     0 | D:1      | CanOfBees the Demonspawn Gladiator began the quest for the Orb.
     0 | D:1      | Reached XP level 1. HP: 16/16 MP: 1/1
   335 | D:1      | Gained mutation: You have sharp toenails. [demonic ancestry]
   335 | D:1      | Reached XP level 2. HP: 20/22 MP: 2/2
  1642 | D:1      | Gained mutation: You are partially covered in slimy green scales. (AC +2) [demonic ancestry]
  1642 | D:1      | Reached XP level 3. HP: 25/28 MP: 3/3
  2149 | D:2      | Reached skill level 1 in Unarmed Combat
  2282 | D:2      | Reached XP level 4. HP: 34/34 MP: 4/4
  2551 | D:2      | Found a shadowy altar of Dithmenos.
  2759 | D:2      | Found a radiant altar of Vehumet.
  3259 | D:2      | Found a blossoming altar of Fedhas.
  3316 | D:2      | Found a blossoming altar of Fedhas.
  3884 | D:3      | Reached skill level 3 in Fighting
  3990 | D:3      | Reached XP level 5. HP: 35/41 MP: 3/5
  4543 | D:3      | Found an ornate altar of the Wu Jian Council.
  4687 | D:3      | You fall through a shaft for 2 floors!
  4687 | D:5      | Entered Level 5 of the Dungeon
  4716 | D:5      | Reached XP level 6. HP: 35/47 MP: 6/6
  4883 | D:4      | Noticed Duvessa
  4883 | D:4      | Noticed JeffiDaFish's ghost (amateur GrFi)
  4884 | D:4      | Noticed Dowan
  5336 | D:3      | Killed Duvessa
  5356 | D:3      | Killed Dowan
  5356 | D:3      | Reached skill level 4 in Fighting
  5593 | D:4      | Gained mutation: You have razor-sharp toenails. [demonic ancestry]
  5593 | D:4      | Reached XP level 7. HP: 54/54 MP: 7/7
  6369 | D:5      | Reached skill level 5 in Fighting
  6369 | D:5      | Reached skill level 5 in Dodging
  6517 | D:5      | Reached skill level 5 in Long Blades
  6586 | D:5      | Gained mutation: You are slightly more attuned to the shadows. [demonic ancestry]
  6586 | D:5      | Reached XP level 8. HP: 35/62 MP: 4/8
  6845 | D:5      | Found a glowing golden altar of the Shining One.
  8508 | D:6      | Noticed a two-headed ogre
  8668 | D:6      | Reached skill level 6 in Fighting
  8941 | D:5      | HP: 3/64 [two-headed ogre/giant spiked club (18)]
  8945 | D:5      | Demolished by a two-headed ogre

Vault maps used:
D:1:      dpeg_arrival_circle_labyrinth_c, minivault_5
D:2:      lemuel_round_altar, lemuel_doored_altar,
          nicolae_dithmenos_through_a_glass_darkly, grunt_ministairs_1,
          hangedman_feature_mirror, fedhas_altar_4
D:3:      nicolae_overflow_crystal_walls, first_bread
D:4:      kb_forest_paths, uniq_duvessa
D:5:      lemuel_round_altar
D:6:      cheibrodos_sewer_entry_bend, grunt_potential

Skill      XL: |  1  2  3  4  5  6  7  8 |
---------------+-------------------------+-----
Dodging        | 3 4 5 |  5.9
Long Blades    | 3 4 5 |  5.7
Unarmed Combat | 1 2 3 |  3.5
Fighting       | 3 4 5 6 |  6.1
Throwing       | |  1.7

Action                   |  1- 3 |  4- 6 |  7- 9 || total
-------------------------+-------+-------+-------++-------
Melee: Long sword        |   100 |   170 |   288 ||   558
       Kick              |    23 |    59 |   121 ||   203
       Punch             |       |     1 |     5 ||     6
 Fire: Hand crossbow     |    14 |    35 |    30 ||    79
Throw: Throwing net      |     2 |     6 |       ||     8
       Javelin           |       |     2 |       ||     2
       Tomahawk          |       |     5 |     8 ||    13
  Use: Scroll            |       |     5 |     2 ||     7
 Stab: Held in net/web   |       |     3 |       ||     3
       Sleeping          |       |       |     1 ||     1
  Eat: Chunk             |     4 |    11 |     8 ||    23
       Royal jelly       |       |       |     1 ||     1
       Fruit             |       |       |     1 ||     1
Armor: Leather armour    |    14 |       |       ||    14
       Scale mail        |    52 |       |       ||    52
       Ring mail         |       |    78 |   137 ||   215
Dodge: Dodged            |   103 |   128 |   244 ||   475
       Rpst.: Long sword |    30 |    37 |    83 ||   150
